AoeStats
← Adrijiga

MegaRandom

509125086Analyzed
4v4 RM · 7d ago on Sep 25, 2026· 9m 24s· 8 players
Game mode
Random Map
Map size
Large (8 player)
Population
200
Speed
Normal
Resources
Standard
Victory
Conquest
Starting age
Dark Age
Ending age
Imperial Age
RankedLock teamsTeams togetherTeam positionsShared explorationLock speedFull tech treeHidden civsTurbo modeCheats
Victory
Defeat
🇬🇧 Magyars · United Kingdom
1583
+11
🇲🇽 Inca · Mexico
1556
+12
🇦🇿 Franks · Azerbaijan
1513
+14
🇫🇷 Mongols · France
1457
+16
🇳🇱 Britons · Netherlands
1538
-16
🇺🇸 Persians · United States
1470
-13
🇪🇸 Hindustanis · Spain
1430
-12
🇩🇪 Slavs · Germany
1425
-12
AML4554
7:13 Loom
9:21 Feudal Age
Tiekel
4:56 Loom
9:14 Feudal Age
Kempinho
7:09 Loom
9:18 Feudal Age
Adrijiga
Gene_Parmesan__
robecha18
5:27 Loom
6:14 Loom
11:10 Feudal Age
berber.sinan
6:43 Loom
9:38 Feudal Age
我放了个屁她顺风追了
10:06 Feudal Age
Connection lost

Rejoining the realm…

Still unreachable

The connection could not be restored.

Session expired

The server has moved on; the page needs a fresh start.